 Dungeon Crawl Stone Soup version 0.23.1 (webtiles) character file.

Game seed: 480523692396858913

1658 Borgoz the Sneak (level 9, -20/56 (67) HPs)
             Began as a Ghoul Enchanter on Mar 14, 2019.
             Was an Initiate of Ashenzari.
             Demolished by a shadow (32 damage)
             ... on level 6 of the Dungeon.
             The game lasted 00:17:52 (8246 turns).

Borgoz the Sneak (Ghoul Enchanter)                  Turns: 8246, Time: 00:17:53

HP:   -20/56 (67)   AC: 12    Str: 12    XL:     9   Next: 0%
MP:   12/12         EV: 12    Int: 10    God:    Ashenzari [......]
Gold: 334           SH:  0    Dex: 12    Spells: 7/13 levels left

rFire    . . .     SeeInvis .   a - +3 dagger
rCold    + . .     Gourm    .   (no shield)
rNeg     + + +     Faith    .   f - +4 ring mail
rPois    ∞         Spirit   .   (no helmet)
rElec    .         Reflect  .   q - +0 cloak
rCorr    .         Harm     .   (no gloves)
MR       .....                  n - +0 pair of boots
Stlth    ++........             (no amulet)
HPRegen  0.00/turn              (no ring)
MPRegen  0.13/turn              (no ring)

@: about to teleport, very slightly contaminated, rotting
A: rotting body, claws 1, carnivore, cold resistance 1, negative energy
resistance 3, inhibited regeneration, torment resistance, unbreathing
a: Curse Item, Renounce Religion


You were on level 6 of the Dungeon.
You worshipped Ashenzari.
Ashenzari was noncommittal.
You were not hungry.

You visited 2 branches of the dungeon, and saw 8 of its levels.

You collected 334 gold pieces.

Inventory:

Hand Weapons
 a - a +3 dagger (weapon)
 b - a +1 dagger of draining
 p - a +4 quarterstaff of chaos
Missiles
 k - 9 tomahawks (quivered)
 l - 42 poisoned needles
Armour
 f - a +4 ring mail (worn)
 n - a +0 pair of boots (worn)
 q - a +0 cloak (worn)
Wands
 c - a wand of iceblast (8)
 e - a wand of acid (8)
 o - a wand of polymorph (7)
 r - a wand of disintegration (13)
Scrolls
 g - a scroll of teleportation
 h - 2 scrolls of enchant armour
 i - a scroll of fog
 j - 2 scrolls of amnesia
 m - 3 scrolls of identify
Potions
 s - a potion of brilliance
Comestibles
 d - 10 rations


   Skills:
 + Level 2.1 Fighting
 * Level 4.8 Short Blades
 + Level 4.3 Armour
 * Level 4.7 Dodging
 + Level 5.5 Stealth
 + Level 2.9 Spellcasting
 * Level 4.2 Hexes


You had 7 spell levels left.
You knew the following spells:

 Your Spells              Type           Power        Failure   Level  Hunger
a - Corona                Hex            #......      11%         1    ##.....
b - Ensorcelled Hibernat  Hex/Ice        #.....       36%         2    ###....
c - Confuse               Hex            #.......     32%         3    ####...

Your spell library contained the following spells:

 Spells                   Type           Power        Failure   Level  Hunger
 Tukima's Dance           Hex            #.......     32%         3    ####...
 Dazzling Spray           Conj/Hex       #.....       58%         3    ####...


Dungeon Overview and Level Annotations

Branches:
Dungeon (7/15)             Temple (1/1) D:7

Altars:
Ashenzari
Cheibriados
Dithmenos
Elyvilon
Fedhas
Gozag
Kikubaaqudgha
Makhleb
Nemelex Xobeh
Qazlal
Ru
Sif Muna
Trog
Uskayaw
Yredelemnul
Zin
The Shining One

Shops:
D:4 *

Annotations:
D:6 Sigmund


Innate Abilities, Weirdness & Mutations

Your body is rotting away.
You thrive on raw meat.
You are immune to poison.
You have sharp fingernails.
You are carnivorous and can eat meat at any time.
Your flesh is cold resistant. (rC+)
You are immune to negative energy. (rN+++)
You do not regenerate when monsters are visible.
You are immune to unholy pain and torment.
You can survive without breathing.


Message History

The shadow is moderately damaged.
The shadow barely misses you.
You hit the shadow but do no damage.
The shadow is moderately damaged.
The shadow hits you.
Okay, then.
You hit the shadow but do no damage.
The shadow is moderately damaged.
Okay, then.
As you read the scroll of teleportation, it crumbles to dust.
You feel strangely unstable. The shadow barely misses you.
You closely miss the shadow.
The shadow is moderately damaged.
The shadow slips into darkness.
The shadow flickers and vanishes!
Deactivating autopickup; reactivate with Ctrl-A.
You miss something.
The shadow strikes at you from the darkness!
Ouch! That really hurt!
You die...

.....#. .# ###.#.#
.....#.#.###...... #
.....#.........#.# ##.
#....#.#..##.#.... #..
#.#..#.#..##.##... #...
###.#..#.#.......<..
#...##...#..#.)......#..#
#........##.#............
##.....)@...#.##.###.#.#.
###.....{....##.# #.....
########.####.# #....#
#....#.###.##.#
#####.#.#......#
#.......###.#.##
#.#.#...........
#.._............
###.#....####.##


There were no monsters in sight!

Vanquished Creatures
  Edmund (D:4)
  A black bear (D:6)
  3 sky beasts
  An ogre (D:4)
  Blork the orc (D:5)
  A scorpion (D:4)
  A water moccasin skeleton (D:4)
  A howler monkey (D:4)
  A crimson imp (D:6)
  A quasit (D:6)
  A jelly (D:5)
  Crazy Yiuf (D:5)
  3 hounds
  3 orc wizards
  An orc priest (D:4)
  A gnoll shaman (D:5)
  2 bullfrog skeletons (D:5)
  2 iguanas
  3 worker ants
  A hound zombie (D:5)
  A hound skeleton (D:5)
  11 gnolls
  10 adders
  2 shadow imps
  3 dart slugs (D:1)
  4 leopard geckos
  19 orcs
  5 bats
  2 giant cockroaches
  7 goblins
  7 hobgoblins
  10 jackals
  A quokka (D:3)
  4 frilled lizards
  A jackal zombie (D:5)
  8 kobolds
  A quokka skeleton (D:4)
  A quokka zombie (D:5)
  5 rats
  2 fungi (D:5)
134 creatures vanquished.

Notes
Turn   | Place    | Note
-------+----------+-------------------------------------------
     0 | D:1      | Borgoz the Ghoul Enchanter began the quest for the Orb.
     0 | D:1      | Reached XP level 1. HP: 14/14 MP: 2/2
   346 | D:1      | Reached skill level 1 in Short Blades
   545 | D:1      | Reached XP level 2. HP: 13/18 MP: 3/3
   734 | D:1      | Reached skill level 1 in Armour
   996 | D:2      | Found a shadowy altar of Dithmenos.
  1022 | D:2      | Found an opulent altar of Gozag.
  1063 | D:2      | Reached XP level 3. HP: 12/26 MP: 4/4
  1389 | D:2      | Reached XP level 4. HP: 9/31 MP: 5/5
  1591 | D:2      | Learned a level 2 spell: Ensorcelled Hibernation
  1595 | D:2      | Learned a level 3 spell: Confuse
  1903 | D:2      | Found a basalt altar of Yredelemnul.
  1916 | D:2      | Reached XP level 5. HP: 36/38 MP: 6/6
  2048 | D:2      | Reached skill level 4 in Stealth
  2115 | D:2      | Found a sparkling altar of Nemelex Xobeh.
  2489 | D:3      | Found a stormy altar of Qazlal.
  2564 | D:4      | Found a bloodstained altar of Trog.
  2821 | D:3      | Found a faded altar of an unknown god.
  2826 | D:3      | Reached XP level 6. HP: 44/44 MP: 7/7
  3585 | D:4      | Reached XP level 7. HP: 21/50 MP: 4/9
  4275 | D:4      | Found a sacrificial altar of Ru.
  4426 | D:4      | Found Sipaiv's Mass Market.
  4581 | D:5      | Entered Level 5 of the Dungeon
  4589 | D:5      | Noticed Edmund
  4692 | D:4      | Killed Edmund
  5179 | D:5      | Noticed Blork the orc
  5204 | D:5      | Killed Blork the orc
  5210 | D:5      | HP: 2/49 [shadow imp (2)]
  5217 | D:5      | HP: 2/50 [shadow imp (3)]
  5551 | D:5      | Reached XP level 8. HP: 40/57 MP: 1/10
  5588 | D:6      | Noticed Sigmund
  5641 | D:5      | Reached skill level 5 in Stealth
  5979 | D:6      | Reached skill level 1 in Fighting
  6200 | D:6      | Noticed a shadow
  6766 | D:4      | HP: 1/58 [orc priest/divine providence (9)]
  7384 | D:5      | Found a runed translucent door.
  7385 | D:5      | Noticed Crazy Yiuf
  7393 | D:5      | Killed Crazy Yiuf
  7784 | D:7      | Found a staircase to the Ecumenical Temple.
  7812 | Temple   | Entered the Ecumenical Temple
  7912 | Temple   | Became a worshipper of Ashenzari the Shackled
  8049 | D:6      | Reached XP level 9. HP: 20/53 MP: 7/12
  8097 | D:6      | Found a hide-covered altar of Uskayaw.
  8246 | D:6      | Demolished by a shadow

Skill      XL: |  1  2  3  4  5  6  7  8 |
---------------+-------------------------+-----
Short Blades   | 1 2 3 4 |  4.8
Dodging        | 2 3 4 |  4.7
Armour         | 1 2 3 4 |  4.3
Stealth        | 4 5 |  5.5
Spellcasting   | 2 |  2.9
Hexes          | 3 4 |  4.2
Fighting       | 2 |  2.1

Action                   |  1- 3 |  4- 6 |  7- 9 || total
-------------------------+-------+-------+-------++-------
Melee: Dagger            |    73 |   168 |   414 ||   655
 Cast: Corona            |     3 |     1 |     2 ||     6
       Ensorcelled Hiber |       |     8 |    46 ||    54
       Confuse           |       |     1 |     8 ||     9
Evoke: Wand              |       |       |     6 ||     6
  Use: Scroll            |     4 |    11 |     2 ||    17
       Potion            |     1 |     6 |     8 ||    15
 Stab: Sleeping          |     8 |    11 |    14 ||    33
       Confused          |       |       |     5 ||     5
  Eat: Chunk             |     4 |    12 |    22 ||    38
Armor: Robe              |     9 |    18 |       ||    27
       Leather armour    |       |       |    48 ||    48
       Ring mail         |       |       |    72 ||    72
Dodge: Dodged            |    39 |   104 |   263 ||   406
